 Dungeon Crawl Stone Soup version 0.28-a0-1555-g9ae15a6949 (webtiles) character file.

Game seed: 3501221229050860763

970 HallandMoats the Skirmisher (level 8, -7/69 HPs)
             Began as a Ghoul Monk on Jan 18, 2022.
             Mangled by Pikel (13 damage)
             ... on level 4 of the Dungeon.
             The game lasted 00:07:33 (4827 turns).

HallandMoats the Skirmisher (Ghoul Monk)            Turns: 4827, Time: 00:07:34

Health: -7/69      AC: 14    Str: 17    XL:     8   Next: 16%
Magic:  7/7        EV: 10    Int:  5    God:
Gold:   112        SH:  0    Dex: 11    Spells: 7/7 levels left

rFire   . . .      SeeInvis .   b - +6 triple sword (vorpal)
rCold   + . .      Faith    .   (shield currently unavailable)
rNeg    + + +      Spirit   .   g - +3 plate armour
rPois   ∞          Reflect  .   (no helmet)
rElec   .          Harm     .   (no cloak)
rCorr   .          Rampage  .   (no gloves)
Will    .....                   (no boots)
Stlth   ..........              (no amulet)
HPRegen 0.00/turn               i - +4 ring of evasion
MPRegen 0.10/turn               (no ring)

@: inhibited regen
A: claws 1, cold resistance 1, negative energy resistance 3, inhibited
regeneration, torment resistance 2
a: no special abilities


You were on level 4 of the Dungeon.
You visited 1 branch of the dungeon, and saw 5 of its levels.

You collected 112 gold pieces.

Inventory:

Hand Weapons
 b - a +6 vorpal triple sword (weapon)
 n - a +2 vorpal morningstar
Armour
 g - a +3 plate armour (worn)
Jewellery
 i - a +4 ring of evasion (left claw)
 j - a ring of flight
Wands
 l - a wand of flame (7)
Scrolls
 d - 2 scrolls of identify
 e - a scroll of brand weapon {unknown}
 f - 2 scrolls of immolation {unknown}
 h - a scroll of blinking {unknown}
 k - 2 scrolls of summoning {unknown}
 m - a scroll of fear {unknown}
 o - a scroll of amnesia {unknown}
 q - a scroll of enchant weapon {unknown}
 r - a scroll of vulnerability {unknown}
 s - a scroll of teleportation {unknown}
 v - a scroll of fog {unknown}
Potions
 a - a potion of heal wounds {unknown}
 c - 4 potions of curing {unknown}
 p - a potion of degeneration {unknown}
 t - a potion of mutation {unknown}
 u - a potion of lignification {unknown}


   Skills:
 + Level 5.5 Fighting
 * Level 5.1 Axes
 + Level 3.3 Armour
 + Level 4.5 Dodging
 - Level 2.1 Stealth
 - Level 3.2 Unarmed Combat


You had 7 spell levels left.
You didn't know any spells.
Your spell library contained the following spells:

 Spells                   Type           Power      Damage    Failure   Level
 Petrify                  Tmut/Erth      0%         N/A       100%        4
 Irradiate                Conj/Tmut      0%         3d13      100%        5
 Malign Gateway           Summ/Tloc      0%         N/A       100%        7
 Summon Hydra             Summ           0%         N/A       100%        7
 Summon Horrible Things   Summ           0%         N/A       100%        8
 Sublimation of Blood     Necr           Unusable   N/A       N/A         2
 Wereblood                Tmut           Unusable   N/A       N/A         2

Dungeon Overview and Level Annotations

Branches:
Dungeon (5/15)
 Temple: D:4-7

Altars:

Annotations:
D:4 Pikel


Innate Abilities, Weirdness & Mutations

You thrive by killing the living.
You are immune to poison.
You have sharp fingernails.
Your flesh is cold resistant. (rC+)
You are immune to negative energy. (rN+++)
You do not regenerate when monsters are visible.
You are immune to unholy pain and torment.


Message History

There is a stone staircase leading down here.
Pikel waves his whip at you.
Things that are here:
a +0 whip; an orc skeleton Sorry, you're not good enough to have a special ability.
Unknown command.
As you read the scroll labelled KYNUYCKOFF, it crumbles to dust.
It is a scroll of identify.
b - a scroll of acquirement Something appears at your feet!
Pikel hits you but does no damage.
b - a +6 vorpal triple sword Pikel barely misses you.
b - a +6 vorpal triple sword (weapon)
Pikel barely misses you.
You hit Pikel.
Pikel is lightly wounded.
Pikel hits you with a +2 whip of electrocution!
You are electrocuted!
Pikel hits you with a +2 whip of electrocution.
You slash Pikel!
Pikel is heavily wounded.
Pikel hits you but does no damage.
You barely miss Pikel.
Pikel is heavily wounded.
Pikel completely misses you.
Pikel hits you with a +2 whip of electrocution.
You barely miss Pikel.
Pikel is heavily wounded.
Pikel hits you with a +2 whip of electrocution.
You are electrocuted!
* * * LOW HITPOINT WARNING * * *
Pikel barely misses you.
You closely miss Pikel.
Pikel is heavily wounded.
Pikel hits you with a +2 whip of electrocution.
* * * LOW HITPOINT WARNING * * *
Pikel hits you with a +2 whip of electrocution.
* * * LOW HITPOINT WARNING * * *
You are electrocuted!
You die...

#...# ####.#.... #...#
##......#..
#...#####..##.####.
#...#.....###.###..
#..)..##### #.##...
#...### ####.##..# #...#
###........# #...#
#....[...... ##@##
##.........# #K#
##.........
######5######.........#
##..........##......).##
##........[...#.#.####(#
#...............#..#...#
#.........>.....##...###
#...........[...####.####
#........)...............


You could see Pikel and a lemure.

Vanquished Creatures
  2 black bears
  An ogre (D:5)
  A necrophage (D:2)
  A sky beast (D:4)
  A centaur (D:3)
  A lemure (D:4)
  2 phantoms
  A scorpion (D:5)
  A hound (D:5)
  A centaur skeleton (D:4)
  Jessica (D:3)
  A hound skeleton (D:5)
  7 adders
  3 worms
  A dart slug (D:3)
  8 orcs
  7 bats
  7 endoplasms
  2 giant cockroaches
  6 goblins
  4 hobgoblins
  3 jackals (D:1)
  5 kobolds
  4 quokkas
  7 ball pythons
  A frilled lizard (D:1)
  8 rats
87 creatures vanquished.

Notes
Turn   | Place    | Note
-------+----------+-------------------------------------------
     0 | D:1      | HallandMoats the Ghoul Monk began the quest for the Orb.
     0 | D:1      | Reached XP level 1. HP: 19/19 MP: 0/0
   156 | D:1      | Reached XP level 2. HP: 21/26 MP: 1/1
   269 | D:1      | Reached skill level 1 in Axes
  1191 | D:2      | Reached XP level 3. HP: 24/31 MP: 2/2
  1408 | D:2      | Reached skill level 1 in Armour
  1654 | D:2      | Found a faded altar of an unknown god.
  1722 | D:2      | You fall into a shaft and drop 1 floor!
  1770 | D:3      | Reached XP level 4. HP: 40/40 MP: 3/3
  2130 | D:2      | Noticed a necrophage
  2139 | D:2      | Killed a necrophage
  2140 | D:2      | Reached XP level 5. HP: 43/46 MP: 4/4
  2223 | D:2      | Noticed a phantom
  2248 | D:2      | Killed a phantom
  2249 | D:2      | Reached XP level 6. HP: 27/53 MP: 5/5
  2513 | D:3      | Noticed Jessica
  2518 | D:3      | Killed Jessica
  3793 | D:4      | Reached XP level 7. HP: 53/60 MP: 6/6
  4105 | D:5      | Entered Level 5 of the Dungeon
  4121 | D:5      | Reached skill level 5 in Fighting
  4518 | D:4      | Reached skill level 5 in Axes
  4518 | D:4      | Reached XP level 8. HP: 35/69 MP: 7/7
  4766 | D:5      | Noticed Pikel
  4819 | D:4      | Identified a scroll of acquirement
  4820 | D:4      | Acquired a +6 vorpal triple sword
  4827 | D:4      | Mangled by Pikel

Illustrated notes

Levels and vault maps discovered:
D:1:      heliophobic_arrival_glass_houses, layout_rooms,
          nicolae_figureground_pulse
D:2:      layout_loops_cross, dreamdust_ecumenical_altar_sealed_demon,
          item_on_display_a
D:3:      minmay_inner_zag, layout_basic, st_stairs_3, uniq_jessica
D:4:      layout_rooms
D:5:      layout_cave_pools, serial_column_ruins, column_ruins_circle_large,
          column_ruins_hut_pillars, column_ruins_columns_corner,
          column_ruins_grid_4, column_ruins_corridor_corner,
          column_ruins_grid_1, amcnicky_mini_pool_small, chequers_avenue,
          hangedman_decor_slide_cut, hangedman_decor_clover_reticule, uniq_pikel

Skill      XL: |  1  2  3  4  5  6  7 |
---------------+----------------------+-----
Axes           | 1 2 3 5 |  5.1
Dodging        | 3 4 |  4.5
Armour         | 1 2 3 |  3.3
Fighting       | 4 5 |  5.5
Stealth        | |  2.1
Unarmed Combat | |  3.2

Action                   |  1- 3 |  4- 6 |  7- 9 || total
-------------------------+-------+-------+-------++-------
Melee: Unarmed           |   144 |   122 |   133 ||   399
       Punch             |     3 |     3 |     2 ||     8
       Morningstar       |       |    22 |       ||    22
       Triple sword      |       |       |     5 ||     5
  Use: Scroll            |       |       |     2 ||     2
 Stab: Sleeping          |     1 |       |       ||     1
Armor: Robe              |    10 |       |       ||    10
       Plate armour      |    46 |    92 |    94 ||   232
Dodge: Dodged            |    81 |    74 |    80 ||   235

Table legend: (Time is in decaauts)
 A = Elapsed time spent in this place.
 B = Non-inter-level travel time spent in this place.
 C = Inter-level travel time spent in this place.
 D = Time resting spent in this place.
 E = Time spent auto-exploring this place.
 F = Levels seen in this place.
 G = Mean time per level.
                   A        B        C        D        E       F      G
               +--------+--------+--------+--------+--------+-----+--------+
         Total |   4828 |   4684 |    144 |    583 |   3022 |   5 |  965.6 |
       Dungeon |   4828 |   4684 |    144 |    583 |   3022 |   5 |  965.6 |
               +--------+--------+--------+--------+--------+-----+--------+

Top non-repeatable levels by time:
     D:2: 1433 daAuts
     D:1: 1114 daAuts
     D:3: 1084 daAuts
     D:4: 670 daAuts
     D:5: 526 daAuts
